 Dungeon Crawl Stone Soup version 0.26-b1-32-g5d43845318 (webtiles) character file.

Game seed: 17180687740908119317

6592 Borgoz the Basher (level 11, -1/69 HPs)
             Began as a Gargoyle Gladiator on Jan 13, 2021.
             Slain by an orc warrior
             ... wielding a +0 hand axe
              (9 damage)
             ... on level 9 of the Dungeon.
             The game lasted 00:09:49 (10022 turns).

Borgoz the Basher (Gargoyle Gladiator)             Turns: 10022, Time: 00:09:50

Health: -1/69      AC: 26    Str: 19    XL:     11   Next: 2%
Magic:  13/13      EV: 13    Int:  9    God:
Gold:   654        SH:  3    Dex: 13    Spells: 10/13 levels left

rFire    + . .     SeeInvis .   r - +2 flail (protect)
rCold    . . .     Faith    .   q - +0 buckler
rNeg     + . .     Spirit   .   g - +2 ring mail {rF+}
rPois    ∞         Reflect  .   c - +0 helmet
rElec    +         Harm     .   (no cloak)
rCorr    .         Rampage  .   n - +0 pair of gloves
Will     +....                  (no boots)
Stlth    +.........             (no amulet)
HPRegen  0.21/turn              h - ring of willpower
MPRegen  0.13/turn              (no ring)

@: protection aura
A: negative energy resistance 1, electricity resistance, unbreathing,
petrification resistance, miasma immunity, AC +8
a: no special abilities


You were on level 9 of the Dungeon.
You visited 2 branches of the dungeon, and saw 10 of its levels.

You collected 654 gold pieces.

Inventory:

Hand Weapons
 r - a +2 flail of protection (weapon)
Missiles
 d - 7 throwing nets (quivered)
Armour
 c - a +0 helmet (worn)
 g - a +2 ring mail of fire resistance (worn)
 n - a +0 pair of gloves (worn)
 q - a +0 buckler (worn)
Jewellery
 h - a ring of willpower (left hand)
 i - an uncursed ring of flight
 x - an uncursed ring of ice
 y - an uncursed ring of resist corrosion
Wands
 t - a wand of acid (15)
 C - a wand of iceblast (12)
Scrolls
 a - 2 scrolls of blinking {unknown}
 b - 3 scrolls of teleportation
 e - a scroll of fear {unknown}
 f - 5 scrolls of magic mapping
 l - 2 scrolls of enchant armour {unknown}
 o - 3 scrolls of remove curse
 p - a scroll of noise {unknown}
 u - a scroll of amnesia {unknown}
 v - a scroll of identify
 A - a scroll of enchant weapon {unknown}
Potions
 j - 3 potions of curing
 k - 2 potions of heal wounds {unknown}
 m - a potion of mutation {unknown}
 s - a potion of brilliance
 w - a potion of flight
 B - 2 potions of magic {unknown}


   Skills:
 * Level 8.4 Fighting
 + Level 10.3 Maces & Flails
 - Level 1.7 Throwing
 * Level 8.0 Armour
 * Level 6.6 Dodging
 + Level 1.5 Spellcasting
 + Level 1.5 Hexes


You had 10 spell levels left.
You knew the following spells:

 Your Spells              Type           Power        Failure   Level
a - Confusing Touch       Hex            3%           83%         3

Your spell library contained the following spells:

 Spells                   Type           Power        Failure   Level
 Beastly Appendage        Tmut           0%           67%         1
 Shock                    Conj/Air       0%           67%         1
 Swiftness                Air            0%           82%         2
 Wereblood                Tmut           0%           82%         2
 Gell's Gravitas          Tloc           0%           96%         3
 Spider Form              Tmut/Pois      0%           96%         3
 Static Discharge         Conj/Air       0%           96%         3
 Airstrike                Air            0%           100%        4
 Ice Form                 Ice/Tmut       0%           100%        4
 Petrify                  Tmut/Erth      0%           100%        4
 Blade Hands              Tmut           0%           100%        5
 Lightning Bolt           Conj/Air       0%           100%        5
 Metabolic Englaciation   Hex/Ice        1%           100%        5
 Yara's Violent Unravell  Hex/Tmut       1%           100%        5


Dungeon Overview and Level Annotations

Branches:
Dungeon (9/15)             Temple (1/1) D:4            Lair (0/6) D:8
    Orc: D:9-12

Altars:
Ashenzari
Cheibriados
Dithmenos
Elyvilon
Fedhas
Gozag
Hepliaklqana
Kikubaaqudgha
Makhleb
Nemelex Xobeh
Okawaru
Qazlal
Ru
Sif Muna
Trog
Uskayaw
Vehumet
Wu Jian
Xom
Yredelemnul
Zin
The Shining One

Shops:
D:8 [

Portals:
Abyss: D:6


Innate Abilities, Weirdness & Mutations

You are resistant to torment.
Your stone body is resilient. (AC +8)
You are immune to poison.
You resist negative energy. (rN+)
You are resistant to electric shocks. (rElec)
You can survive without breathing.
You are immune to petrification.
You are immune to miasma.


Message History

You are too injured to fight recklessly!
You closely miss the orc priest. The orc wizard misses you.
You block the orc warrior's attack.
The orc priest hits you but does no damage.
You sock the orc priest!
The orc priest is almost dead.
The orc priest closely misses you.
The orc wizard hits you but does no damage.
The orc priest invokes the aid of Beogh against you.
Beogh smites you!
The orc warrior hits you with a +0 hand axe!
* * * LOW HITPOINT WARNING * * *
You thump the orc priest!
You kill the orc priest!
The orc priest invokes the aid of Beogh against you.
Pain shoots through your body!
* * * LOW HITPOINT WARNING * * *
The orc wizard hits you but does no damage.
The orc warrior hits you with a +0 hand axe!
You die...

##.......#.....# ..
###.##........> ...
#...#....#'#... ....
##.......#_#... ....###
##......#)#...
.....#.######.........##
......##.............#
#.[oo.............##
.###.o@....#.#<........
...........####........#
#.........####<......###
#...##<.....##........##
..# #>[...#....#.##..##.
. .......##....####.....
.....###......##......
#..... #..##..........
.....# #..###.........


You could see an orc warrior, an orc priest and an orc wizard.

Vanquished Creatures
  Harold (D:7)
  The ghost of p0werm0de the Skirmisher, a novice MiFi (D:6)
  Maggie (D:7)
  Sigmund (D:2)
  A wyvern (D:7)
  10 yaks (D:9)
  Duvessa (D:7)
  2 orc warriors
  An ice beast (D:6)
  A sky beast (D:9)
  A black bear (D:6)
  3 phantoms
  3 centaurs
  An ogre (D:7)
  A big kobold (D:6)
  4 bullfrogs
  Dowan (D:7)
  6 scorpions
  A small abomination (D:6)
  5 killer bees (D:8)
  3 howler monkeys
  2 centaur zombies
  A quasit (D:6)
  7 hounds
  5 orc priests
  A gnoll shaman (D:9)
  A centaur skeleton (D:4)
  3 iguanas
  8 orc wizards
  8 worker ants
  A killer bee zombie (D:4)
  A worker ant zombie (D:5)
  6 gnolls
  8 adders
  A shadow imp (D:6)
  5 ufetubi
  3 oozes
  An adder zombie (D:5)
  An adder skeleton (D:6)
  5 worms
  9 dart slugs
  4 leopard geckos
  32 orcs
  4 giant cockroaches
  8 goblins
  11 hobgoblins
  3 jackals (D:5)
  7 quokkas
  2 ball python skeletons
  7 bats
  5 frilled lizards
  11 kobolds
  A quokka zombie (D:6)
  6 rats
227 creatures vanquished.

Vanquished Creatures (others)
  2 withered plants (D:2)
2 creatures vanquished.

Grand Total: 229 creatures vanquished

Notes
Turn   | Place    | Note
-------+----------+-------------------------------------------
     0 | D:1      | Borgoz the Gargoyle Gladiator began the quest for the Orb.
     0 | D:1      | Reached XP level 1. HP: 12/12 MP: 1/1
   255 | D:1      | Reached XP level 2. HP: 14/18 MP: 2/2
   402 | D:1      | Reached skill level 1 in Armour
   514 | D:1      | Reached XP level 3. HP: 22/22 MP: 3/3
  1020 | D:2      | Noticed Sigmund
  1045 | D:2      | Killed Sigmund
  1046 | D:2      | Reached skill level 4 in Maces & Flails
  1046 | D:2      | Reached XP level 4. HP: 13/28 MP: 4/4
  1046 | D:2      | Reached XP level 5. HP: 15/32 MP: 5/5
  1659 | D:2      | Reached XP level 6. HP: 36/37 MP: 6/6
  2089 | D:3      | Reached skill level 5 in Maces & Flails
  2862 | D:3      | Found a faded altar of an unknown god.
  2994 | D:4      | Reached XP level 7. HP: 23/43 MP: 7/7
  3840 | D:4      | Reached skill level 6 in Maces & Flails
  4033 | D:4      | Reached XP level 8. HP: 42/48 MP: 8/8
  4133 | D:4      | Found a staircase to the Ecumenical Temple.
  4146 | Temple   | Entered the Ecumenical Temple
  4570 | D:5      | Entered Level 5 of the Dungeon
  4725 | D:5      | Reached skill level 5 in Fighting
  5076 | D:5      | Found a shimmering blue altar of Sif Muna.
  5367 | D:6      | Reached skill level 7 in Maces & Flails
  5646 | D:6      | Reached skill level 5 in Armour
  5837 | D:6      | Found a one-way gate to the infinite horrors of the Abyss.
  5837 | D:6      | Noticed p0werm0de's ghost (novice MiFi)
  5839 | D:6      | Found a transporter.
  5867 | D:6      | Reached XP level 9. HP: 55/55 MP: 9/9
  5949 | D:6      | Found a transporter.
  5986 | D:6      | Found a white marble altar of Elyvilon.
  6284 | D:6      | Reached skill level 8 in Maces & Flails
  6313 | D:6      | Reached skill level 5 in Dodging
  6386 | D:6      | Killed p0werm0de's ghost
  6848 | D:7      | Noticed Maggie
  6869 | D:7      | Killed Maggie
  7021 | D:7      | Reached skill level 9 in Maces & Flails
  7160 | D:7      | Noticed Duvessa
  7166 | D:7      | Noticed Dowan
  7173 | D:7      | Reached XP level 10. HP: 36/63 MP: 10/10
  7193 | D:7      | Killed Duvessa
  7199 | D:7      | Killed Dowan
  7922 | D:7      | Noticed Harold
  7940 | D:7      | Killed Harold
  8130 | D:8      | Found Geptogrount's Armour Boutique.
  8269 | D:8      | Reached skill level 10 in Maces & Flails
  8855 | D:8      | Learned a level 3 spell: Confusing Touch
  9126 | D:8      | Found a staircase to the Lair.
  9457 | D:9      | Found a shadowy altar of Dithmenos.
  9504 | D:9      | Reached skill level 1 in Spellcasting
  9504 | D:9      | Reached skill level 1 in Hexes
  9955 | D:9      | Reached XP level 11. HP: 66/69 MP: 13/13
 10022 | D:9      | Slain by an orc warrior

Illustrated notes

Levels and vault maps discovered:
D:1:      giann_bridges, layout_basic
D:2:      layout_basic, serial_undead, serial_undead_d, serial_undead_e,
          serial_undead_b, serial_undead_f, uniq_sigmund
D:3:      layout_basic, chequers_ecumenical_altar_simple_redux,
          minmay_increasing_density
D:4:      layout_loops_cross, minmay_temple_entry_offerings
D:5:      layout_basic, led_sif_book
D:6:      layout_basic, gammafunk_ghost_abyssal_escape, elyvilon_altar_1
D:7:      kennysheep_six_static_rooms, layout_basic, uniq_duvessa, uniq_harold,
          uniq_maggie
D:8:      layout_cave_pods, lair_entry_dummy, serial_shops, shop_fountains
D:9:      layout_cave_pools, kennysheep_mini, serial_gnoll_camp,
          gnoll_camp_mini_house, gnoll_camp_mini_house, gnoll_camp_medium_01,
          gnoll_camp_mini_hut, gnoll_camp_mini_loothouse, minmay_joined_circles
Temple:   roderic_octagonal_lattice_temple

Skill      XL: |  1  2  3  4  5  6  7  8  9 10 11 |
---------------+----------------------------------+-----
Armour         | 1 2 3 5 6 7 8 |  8.0
Fighting       | 3 4 5 7 8 |  8.4
Maces & Flails | 4 5 6 7 9 10 | 10.3
Dodging        | 3 4 5 6 |  6.6
Spellcasting   | 1 |  1.5
Hexes          | 1 |  1.5
Throwing       | |  1.7

Action                   |  1- 3 |  4- 6 |  7- 9 | 10-12 || total
-------------------------+-------+-------+-------+-------++-------
Melee: Flail             |    74 |   219 |   475 |   372 ||  1140
Evoke: Wand              |       |       |     2 |       ||     2
  Use: Scroll            |       |     3 |     4 |     2 ||     9
       Potion            |       |       |     2 |     2 ||     4
Armor: Ring mail         |    29 |   138 |   298 |   243 ||   708
Dodge: Dodged            |    64 |   203 |   330 |   296 ||   893
Block: Buckler           |       |       |    52 |    75 ||   127
